 Dungeon Crawl Stone Soup version 0.16-a0-2461-ge8ce426 (webtiles) character file.

407 PolkaDot the Caller (level 6, -10/41 HPs)
             Began as a Vampire Summoner on Nov 19, 2014.
             Mangled by an ogre
             ... wielding a +0 giant club
              (33 damage)
             ... on level 5 of the Dungeon.
             The game lasted 00:12:53 (4711 turns).

PolkaDot the Caller (Vampire Summoner)              Turns: 4711, Time: 00:12:53

Health: -10/41     AC:  2    Str:  7      XL:     6   Next: 57%
Magic:  10/10      EV: 12    Int: 19      God:
Gold:   194        SH:  0    Dex: 12 (14) Spells: 3 memorised, 3 levels left

rFire  . . .     SeeInvis +     d - +2 halberd (vamp)
rCold  . . .     Clarity  .     a - +0 robe
rNeg   . . .     SustAb   .     (no shield)
rPois  .         Gourm    .     (no helmet)
rElec  .         Spirit   .     (no cloak)
rCorr  .         Warding  .     (no gloves)
rMut   .         Stasis   .     (no boots)
MR     .....                    (no amulet)
Stlth  ++........               (no ring)
                                (no ring)

@: regenerating quickly, not resistant to hostile enchantments, unstealthy
A: bottle blood, fangs 3, see invisible, unbreathing
a: no special abilities


You were on level 5 of the Dungeon.
You were very full.

You visited 1 branch of the dungeon, and saw 5 of its levels.

You collected 194 gold pieces.

Inventory:

Hand weapons
 d - a +2 vampiric halberd (weapon)
Missiles
 e - a throwing net (quivered)
Armour
 a - a +0 robe (worn)
Jewellery
 g - an uncursed ring of ice {unknown}
Magical devices
 n - a wand of disintegration (8)
Scrolls
 c - 3 scrolls of remove curse {unknown}
 f - 2 scrolls of amnesia {unknown}
 h - a scroll of enchant armour {unknown}
 i - a scroll of random uselessness {unknown}
 k - 3 scrolls of teleportation {unknown}
 m - a scroll of fog {unknown}
 p - a scroll of recharging {unknown}
 q - 2 scrolls of identify
 r - a scroll of immolation {unknown}
Potions
 j - a potion of invisibility {unknown}
 l - a potion of restore abilities
 s - a potion of lignification
Books
 b - a book of Callings

   Spells                             Type                      Level
   *Summon Small Mammal               Summoning                    1
   *Call Imp                          Summoning                    2
   *Call Canine Familiar              Summoning                    3
   Summon Guardian Golem              Hexes/Summoning              4
   Summon Lightning Spire             Summoning/Air                4
   Summon Ice Beast                   Ice/Summoning                4
 o - a book of the Warp

   Spells                             Type                      Level
   Control Teleport                   Charms/Translocation         4
   Phase Shift                        Translocation                5
   Warp Weapon                        Charms/Translocation         5
   Dispersal                          Translocation                6
   Controlled Blink                   Translocation                7
   Disjunction                        Translocation                8


   Skills:
 * Level 3.3 Polearms
 - Level 2.1 Dodging
 - Level 3.0 Stealth
 - Level 2.0 Spellcasting
 + Level 6.9 Summonings


You had 3 spell levels left.
You knew the following spells:

 Your Spells              Type           Power        Failure   Level  Hunger
a - Summon Small Mammal   Summ           ####         1%          1    #......
d - Call Canine Familiar  Summ           ####....     3%          3    ###....
s - Call Imp              Summ           ####....     1%          2    ###....


Dungeon Overview and Level Annotations

Branches:
Dungeon (5/15)
 Temple: D:4-7

Altars:
Ashenzari
Dithmenos
Fedhas
Kikubaaqudgha


Innate Abilities, Weirdness & Mutations

Your natural rate of healing is unusually fast.
You can bottle blood from corpses.
You have razor-sharp teeth.
You have supernaturally acute eyesight.
You can survive without breathing.


Message History

You hear the sound of rushing water.
There is an entrance to a sewer on this level.
Hurry and find it before the portal rusts away!
An ogre comes into view. It is wielding a giant club.
There is a stone staircase leading up here.
Attack whom?
Press: ? - help, Dir - move target cursor, f - ogre
Aim: an ogre, wielding a giant club (resting)
You reach to attack!
The helpless ogre fails to defend itself.
You draw the ogre's blood!
You feel slightly more full.
You puncture the ogre!
The ogre is heavily wounded.
You draw the ogre's blood!
You feel slightly more full.
You hit the ogre.
The ogre is severely wounded.
The ogre hits you with a giant club!!
* * * LOW HITPOINT WARNING * * *
You barely miss the ogre.
The ogre is severely wounded.
The ogre hits you with a giant club!!
Ouch! That really hurt!
You die...

.. .# .##
.. .#
###.###
#.<..)#
#.....#.###
#.@........
#.O...#.###
#.....# #
#.#.### #.
.# #. .# #.
.# #. .# .
.


You could see an ogre.

Vanquished Creatures
  Grinder (D:3)
  2 hounds (D:3)
  2 iguanas (D:4)
  Natasha (thrice) (D:4)
  2 adders
  2 gnolls (D:4)
  2 worms (D:3)
  2 giant geckos
  2 ball pythons
  8 bats
  6 giant cockroaches
  8 goblins
  8 hobgoblins
  7 kobolds
  A quokka (D:3)
  2 giant newts
  A jackal skeleton (D:4)
  4 rats
63 creatures vanquished.

Vanquished Creatures (collateral kills)
  5 gnolls
  2 adders (D:2)
  An ooze (D:2)
  A ball python (D:3)
  5 hobgoblins
  3 kobolds
  A quokka (D:3)
  A bat (D:3)
  A rat (D:3)
20 creatures vanquished.

Vanquished Creatures (others)
  A human (D:2)
  A hound (D:3)
  2 rats (D:1)
4 creatures vanquished.

Grand Total: 87 creatures vanquished

Notes
Turn   | Place    | Note
--------------------------------------------------------------
     0 | D:1      | PolkaDot, the Vampire Summoner, began the quest for the Orb.
     0 | D:1      | Reached XP level 1. HP: 13/13 MP: 3/3
   694 | D:1      | Reached XP level 2. HP: 16/19 MP: 4/4
  1058 | D:1      | Learned a level 2 spell: Call Imp
  1337 | D:2      | Reached skill level 5 in Summonings
  1337 | D:2      | Reached XP level 3. HP: 18/24 MP: 0/6
  1342 | D:2      | Learned a level 3 spell: Call Canine Familiar
  1825 | D:2      | Found a shattered altar of Ashenzari.
  2185 | D:2      | Found an ancient bone altar of Kikubaaqudgha.
  2186 | D:2      | Noticed a human
  2188 | D:2      | Killed a human
  2494 | D:3      | Reached XP level 4. HP: 15/30 MP: 0/7
  2739 | D:3      | Found a shattered altar of Ashenzari.
  2754 | D:3      | Reached skill level 6 in Summonings
  3128 | D:3      | Found a blossoming altar of Fedhas.
  3224 | D:3      | Reached XP level 5. HP: 33/35 MP: 9/9
  3358 | D:3      | Noticed Grinder
  3386 | D:3      | Paralysed by Grinder for 2 turns
  3413 | D:3      | Killed Grinder
  3413 | D:3      | Reached XP level 6. HP: 25/41 MP: 3/10
  3938 | D:4      | Noticed Natasha
  3948 | D:4      | Killed Natasha
  4249 | D:4      | Noticed Natasha
  4255 | D:4      | Killed Natasha
  4284 | D:4      | Found a shadowy altar of Dithmenos.
  4406 | D:4      | Noticed Natasha
  4414 | D:4      | Killed Natasha
  4706 | D:5      | Entered Level 5 of the Dungeon
  4711 | D:5      | Mangled by an ogre

Action                   |  1- 3 |  4- 6 || total
-------------------------+-------+-------++-------
Melee: Unarmed           |   200 |    59 ||   259
       Halberd           |       |   136 ||   136
 Cast: Summon Small Mamm |    20 |       ||    20
       Call Imp          |     4 |    11 ||    15
       Call Canine Famil |     4 |     4 ||     8
  Use: Potion            |     2 |     7 ||     9
       Scroll            |       |     2 ||     2
 Stab: Sleeping          |     9 |     3 ||    12
       Distracted        |       |     3 ||     3
  Eat: Corpse            |    16 |    14 ||    30
